 Dungeon Crawl Stone Soup version 0.24.0-5-g267a8d59f4 (webtiles) character file.

Game seed: 11416852283907436903, levelgen mode: deterministic

941 Masnef the Vandal (level 7, -4/57 HPs)
             Began as a Centaur Wizard on Oct 31, 2019.
             Slain by a centaur (5 damage)
             ... on level 5 of the Dungeon on Nov 1, 2019.
             The game lasted 00:45:26 (6861 turns).

Masnef the Vandal (Centaur Wizard)                  Turns: 6861, Time: 00:45:26

Health: -4/57      AC:  4    Str:  9    XL:     7   Next: 88%
Magic:  11/11      EV: 10    Int: 17    God:
Gold:   166        SH:  0    Dex: 10    Spells: 5/11 levels left

rFire    . . .     SeeInvis .   h - +4 hunting sling
rCold    . . .     Gourm    .   (no shield)
rNeg     . . .     Faith    .   u - +0 robe
rPois    .         Spirit   .   b - +0 hat
rElec    .         Reflect  .   (no cloak)
rCorr    .         Harm     .   (no gloves)
MR       .....                  (no barding)
Stlth    ++........             (no amulet)
HPRegen  0.19/turn              r - ring of stealth
MPRegen  0.12/turn              (no ring)

@: flying, hasted, very quick
A: large, hooves 3, deformed body, speed 2, tough skin 3
a: no special abilities


You were on level 5 of the Dungeon.
You were near starving.

You visited 1 branch of the dungeon, and saw 5 of its levels.

You collected 166 gold pieces.

Inventory:

Hand Weapons
 c - a +1 morningstar of holy wrath
 h - a +4 hunting sling (weapon)
 i - a +0 short sword
 n - a +0 dagger
 y - a +0 dagger
Missiles
 g - 228 stones (quivered)
 m - 77 arrows
 p - 5 large rocks
 q - 85 bolts
Armour
 a - a +0 robe
 b - a +0 hat (worn)
 j - a +0 ring mail
 k - a +0 robe
 u - a +0 robe (worn)
 D - a +0 robe
Jewellery
 r - a ring of stealth (left hand)
 t - an uncursed ring of magical power
Scrolls
 e - 2 scrolls of amnesia
 l - 4 scrolls of remove curse
 o - 2 scrolls of identify {unknown}
 v - 2 scrolls of enchant weapon {unknown}
 x - 2 scrolls of teleportation
 z - a scroll of blinking {unknown}
 B - 2 scrolls of fog {unknown}
 F - a scroll of immolation {unknown}
Potions
 s - a potion of heal wounds {unknown}
 w - a potion of haste
 A - a potion of invisibility {unknown}
Comestibles
 d - 4 rations
 C - 2 chunks of flesh


   Skills:
 * Level 3.6 Fighting
 + Level 7.4 Slings
 - Level 0.1(4.5) Throwing
 * Level 1.6 Dodging
 + Level 1.3 Stealth
 + Level 2.6 Spellcasting
 * Level 0.9 Conjurations
   Level 0.8 Summonings
 - Level 3.1 Translocations


You had 5 spell levels left.
You knew the following spells:

 Your Spells              Type           Power        Failure   Level  Hunger
a - Magic Dart            Conj           #...         12%         1    #......
b - Blink                 Tloc           N/A          8%          2    ##.....
c - Mephitic Cloud        Conj/Pois/Air  #.......     43%         3    ###....

Your spell library contained the following spells:

 Spells                   Type           Power        Failure   Level  Hunger
 Call Imp                 Summ           #.......     19%         2    ##.....
 Slow                     Hex            #.......     26%         2    ##.....
 Conjure Flame            Conj/Fire      #.......     41%         3    ###....


Dungeon Overview and Level Annotations

Branches:
Dungeon (5/15)
 Temple: D:4-7

Altars:
Hepliaklqana


Innate Abilities, Weirdness & Mutations

You have hooves in place of feet.
Armour fits poorly on your strangely shaped body.
You cover ground very quickly.
You have extremely tough skin. (AC +3)


Message History

You shoot a stone. The stone hits the centaur.
The centaur is heavily wounded.
The centaur hits you!
* * * LOW HITPOINT WARNING * * *
The centaur hits you!
* * * LOW HITPOINT WARNING * * *
You feel better. The centaur hits you!
* * * LOW HITPOINT WARNING * * *
Casting: Blink (safe; 8% risk of failure)
Confirm with . or Enter, or press ? or * to list all spells.
Okay, then.
Okay, then.
You aren't carrying any items that you can evoke.
It was a potion of flight.
You feel very buoyant.
You fly up into the air.
The centaur hits you.
* * * LOW HITPOINT WARNING * * *
The centaur completely misses you.
It was a potion of haste.
You feel yourself speed up. The centaur hits you.
You die...

# #. ### #.###.##
......##
...####.....#####
.....(c.........#
#@.<(.# ##..(##
##.## #.# #.# #.#
#.# #.#


You could see a centaur.

Vanquished Creatures
  Eustachio (D:4)
  Edmund (D:3)
  3 ogres
  A scorpion (D:4)
  3 howler monkeys (D:4)
  2 bullfrog skeletons (D:4)
  An orc wizard (D:4)
  2 worker ants (D:4)
  4 adders
  A gnoll (D:4)
  An ooze (D:3)
  4 worms
  2 dart slugs (D:1)
  7 leopard geckos
  13 orcs
  4 bats
  A giant cockroach (D:3)
  6 goblins
  9 hobgoblins
  3 jackals (D:4)
  A quokka (D:2)
  A ball python (D:2)
  11 frilled lizards
  6 kobolds
  7 rats
95 creatures vanquished.

Notes
Turn   | Place    | Note
-------+----------+-------------------------------------------
     0 | D:1      | Masnef the Centaur Wizard began the quest for the Orb.
     0 | D:1      | Reached XP level 1. HP: 14/14 MP: 3/3
   233 | D:1      | Reached XP level 2. HP: 22/22 MP: 5/5
   245 | D:1      | Learned a level 2 spell: Blink
   496 | D:1      | Reached skill level 1 in Slings
   906 | D:1      | Reached skill level 1 in Translocations
  1228 | D:2      | Found a hazy altar of Hepliaklqana.
  1372 | D:2      | Reached skill level 1 in Fighting
  1475 | D:2      | Reached XP level 3. HP: 28/28 MP: 6/6
  1585 | D:2      | Reached skill level 2 in Slings
  2680 | D:2      | Upgraded the game from 0.24.0-2-g5b39cebb1c to
                  | 0.24.0-5-g267a8d59f4
  2941 | D:3      | Reached XP level 4. HP: 24/35 MP: 7/7
  3129 | D:3      | Reached skill level 3 in Slings
  3804 | D:4      | Noticed an ogre
  4204 | D:4      | Noticed an ogre
  4213 | D:4      | Reached XP level 5. HP: 41/41 MP: 8/8
  4216 | D:4      | Killed an ogre
  4216 | D:4      | Reached skill level 4 in Slings
  4234 | D:4      | Noticed Eustachio
  4259 | D:4      | Killed Eustachio
  4259 | D:4      | Reached skill level 5 in Slings
  4259 | D:4      | Reached XP level 6. HP: 36/50 MP: 9/9
  4471 | D:4      | Reached skill level 6 in Slings
  4471 | D:4      | Reached XP level 7. HP: 56/56 MP: 10/10
  4641 | D:4      | Noticed Edmund
  4864 | D:3      | Killed Edmund
  5186 | D:4      | Reached skill level 7 in Slings
  6513 | D:5      | Entered Level 5 of the Dungeon
  6532 | D:5      | Learned a level 3 spell: Mephitic Cloud
  6860 | D:5      | HP: 1/57 [centaur (3)]
  6861 | D:5      | Slain by a centaur

Levels and vault maps discovered:
D:1:      co_arrival_square_in_a_square_in_a_square, layout_basic
D:2:      minmay_general_purpose_star, layout_basic, lemuel_altar_in_water
D:3:      layout_basic, kennysheep_generic_room_14
D:4:      layout_layer_cave, first_ration, ebering_dispersal_statue_hall,
          uniq_eustachio, uniq_edmund
D:5:      layout_loops_ring, gammafunk_temple_overflow_claw, uniq_duvessa

Skill      XL: |  1  2  3  4  5  6  7 |
---------------+----------------------+-----
Slings         | 1 2 3 5 6 7 |  7.4
Translocations | 1 2 3 |  3.1
Fighting       | 1 2 3 |  3.6
Throwing       | |  0.1
Dodging        | |  1.6
Stealth        | |  1.3
Spellcasting   | |  2.6
Conjurations   | |  0.9
Summonings     | |  0.8

Action                   |  1- 3 |  4- 6 |  7- 9 || total
-------------------------+-------+-------+-------++-------
Melee: Unarmed           |     2 |       |       ||     2
       Kick              |     1 |       |       ||     1
 Fire: Hunting sling     |   137 |   108 |   177 ||   422
 Cast: Blink             |     1 |     3 |     3 ||     7
  Use: Scroll            |     5 |       |     1 ||     6
       Potion            |     2 |     2 |     3 ||     7
  Eat: Chunk             |     4 |     2 |     3 ||     9
       Ration            |       |     1 |       ||     1
Armor: Robe              |    11 |     7 |     5 ||    23
Dodge: Dodged            |    26 |    13 |    25 ||    64
